 Dungeon Crawl Stone Soup version 0.27.1-16-g815e20cd7a (webtiles) character file.

Game seed: 11340826785874857096

186 Eitelfritz the Poker (level 5, 0/41 HPs)
             Began as a Merfolk Gladiator on Nov 22, 2021.
             Slain by a ball python (3 damage)
             ... on level 4 of the Dungeon.
             The game lasted 00:08:06 (3219 turns).

Eitelfritz the Poker (Merfolk Gladiator)            Turns: 3219, Time: 00:08:06

Health: 0/41       AC:  4    Str: 14    XL:     5   Next: 66%
Magic:  5/5        EV: 10    Int:  8    God:
Gold:   0          SH:  0    Dex: 16    Spells: 4/4 levels left

rFire    . . .     SeeInvis .   a - +0 trident
rCold    . . .     Faith    .   (no shield)
rNeg     . . .     Spirit   .   b - +0 leather armour
rPois    .         Reflect  .   c - +0 helmet
rElec    .         Harm     .   (no cloak)
rCorr    .         Rampage  .   (no gloves)
Will     .....                  (no boots)
Stlth    ++........             (no amulet)
HPRegen  0.13/turn              (no ring)
MPRegen  0.09/turn              (no ring)

@: lethally poisoned (0 -> -8), constricted
A: (nimble swimmer 2), mertail
a: no special abilities


You were on level 4 of the Dungeon.
You visited 1 branch of the dungeon, and saw 4 of its levels.

You collected 162 gold pieces.
You spent 162 gold pieces at shops.

Inventory:

Hand Weapons
 a - a +0 trident (weapon)
Missiles
 d - 4 throwing nets
 k - a javelin (quivered)
 n - 13 boomerangs
Armour
 b - a +0 leather armour (worn)
 c - a +0 helmet (worn)
 q - a +0 ring mail
Jewellery
 f - a ring of magical power
 s - a ring of magical power
Wands
 m - a wand of iceblast (2)
Scrolls
 e - 2 scrolls of torment {unknown}
 i - 2 scrolls of teleportation
 j - 8 scrolls of identify
 l - a scroll of amnesia {unknown}
 o - 2 scrolls of magic mapping
 r - a scroll of enchant armour {unknown}
Potions
 g - a potion of flight {unknown}
 h - a potion of magic
 p - a potion of cancellation {unknown}


   Skills:
 + Level 3.0 Fighting
 + Level 6.4 Polearms
 + Level 2.4 Throwing
 + Level 1.2 Armour
 + Level 4.7 Dodging
 + Level 1.8 Stealth


You had 4 spell levels left.
You didn't know any spells.
Your spell library was empty.

Dungeon Overview and Level Annotations

Branches:
Dungeon (4/15)
 Temple: D:4-7

Altars:

Shops:
D:3 ?

Portals:
Abyss: D:3

Annotations:
D:3 2 transporters, Walther's ghost, amateur MiFi


Innate Abilities, Weirdness & Mutations

((You are quick and stealthy near water. (Stealth+, EV+, Speed+++)))
Your lower body shifts to a powerful aquatic tail in water.


Message History

The scorpion poisons you!
A ball python comes into view.
You barely miss the scorpion.
The scorpion is moderately wounded.
You feel very sick. The scorpion misses you.
You barely miss the scorpion.
The scorpion is moderately wounded.
You feel very sick.
The ball python hisses angrily.
The scorpion completely misses you. The scorpion barely misses you.
You hit the scorpion.
The scorpion is heavily wounded.
You feel sick. The scorpion stings you.
You hit the scorpion.
The scorpion is almost dead.
You feel sick. The scorpion stings you!
You closely miss the scorpion.
The scorpion is severely wounded.
You feel sick. The scorpion stings you.
You are lethally poisoned!
The scorpion poisons you!
You hit the scorpion but do no damage.
The scorpion is severely wounded.
You feel very sick. The scorpion completely misses you.
The ball python barely misses you. The ball python grabs you.
The ball python constricts you.
* * * LOW HITPOINT WARNING * * *
You completely miss the scorpion.
The scorpion is severely wounded.
* * * LOW HITPOINT WARNING * * *
You feel very sick. The scorpion stings you.
* * * LOW HITPOINT WARNING * * *
The ball python barely misses you. The ball python constricts you.
* * * LOW HITPOINT WARNING * * *
It was a potion of magic.
Magic courses through your body.
* * * LOW HITPOINT WARNING * * *
You feel sick. The scorpion barely misses you. The ball python bites you.
You die...

#...(.. #...[..####
#........># #.........#
#.........# #.........#
#......sS.#
##......@..#############
.......<.[..#..........#
............#.########.#
...########.#.#...#..#.#
.. #.#.#.#....#>#
#.#.#.####.#.#
#.#.#........#
#.#.######.####
#.#.#..........


You could see a scorpion and a ball python.

Vanquished Creatures
  A hound (D:4)
  Jessica (D:2)
  Terence (D:2)
  3 adders
  2 dart slugs
  An orc (D:3)
  4 endoplasms
  4 giant cockroaches
  8 goblins
  12 hobgoblins
  4 jackals (D:4)
  3 quokkas
  6 ball pythons
  3 bats
  3 frilled lizards (D:1)
  5 kobolds
  6 rats
67 creatures vanquished.

Notes
Turn   | Place    | Note
-------+----------+-------------------------------------------
     0 | D:1      | Eitelfritz the Merfolk Gladiator began the quest for the
                  | Orb.
     0 | D:1      | Reached XP level 1. HP: 16/16 MP: 1/1
   396 | D:1      | Reached XP level 2. HP: 16/22 MP: 2/2
  1003 | D:1      | Found a faded altar of an unknown god.
  1016 | D:1      | Found a faded altar of an unknown god.
  1072 | D:1      | Reached skill level 5 in Polearms
  1261 | D:2      | Reached XP level 3. HP: 7/28 MP: 3/3
  1538 | D:2      | Noticed Terence
  1563 | D:2      | Killed Terence
  1564 | D:2      | Reached skill level 1 in Stealth
  1564 | D:2      | Reached XP level 4. HP: 28/34 MP: 4/4
  1794 | D:2      | Noticed Jessica
  1805 | D:2      | Killed Jessica
  2130 | D:2      | Reached skill level 1 in Armour
  2429 | D:3      | Reached skill level 6 in Polearms
  2476 | D:3      | Reached XP level 5. HP: 40/40 MP: 5/5
  2536 | D:3      | Noticed a small abomination
  2543 | D:3      | Found a transporter.
  2544 | D:3      | Found a one-way gate to the infinite horrors of the Abyss.
  2544 | D:3      | Noticed Walther's ghost (amateur MiFi)
  2552 | D:3      | Found a transporter.
  2783 | D:3      | Found Aneti's Magic Scroll Emporium.
  2794 | D:3      | Bought a scroll of magic mapping for 42 gold pieces
  2794 | D:3      | Bought a scroll of identify for 24 gold pieces
  2794 | D:3      | Bought a scroll of identify for 24 gold pieces
  2794 | D:3      | Bought a scroll of noise for 12 gold pieces
  2794 | D:3      | Bought a scroll of teleportation for 36 gold pieces
  2794 | D:3      | Bought a scroll of identify for 24 gold pieces
  3219 | D:4      | Slain by a ball python

Illustrated notes

Levels and vault maps discovered:
D:1:      elethiomel_arrival_infinity_welcomes_careful_drivers, layout_basic,
          hellmonk_ecumenical_altar_the_god_not_taken
D:2:      layout_basic, dk_noncrumbling_2, uniq_jessica, uniq_terence
D:3:      layout_rooms, serial_shops, nicolae_shop_behind_doors,
          gammafunk_ghost_abyssal_escape
D:4:      layout_basic, grunt_qazlal_clouds

Skill      XL: |  1  2  3  4  5 |
---------------+----------------+-----
Polearms       | 5 6 |  6.4
Stealth        | 1 |  1.8
Armour         | 1 |  1.2
Fighting       | 3 |  3.0
Throwing       | |  2.4
Dodging        | |  4.7

Action                   |  1- 3 |  4- 6 || total
-------------------------+-------+-------++-------
Melee: Trident           |    75 |   126 ||   201
Throw: Javelin           |     2 |     8 ||    10
       Boomerang         |       |    22 ||    22
  Use: Potion            |       |     1 ||     1
 Stab: Sleeping          |     4 |     2 ||     6
Armor: Leather armour    |    14 |    29 ||    43
Dodge: Dodged            |    47 |    78 ||   125
